 Dungeon Crawl Stone Soup version 0.20.0-8-g6b59dc7 (webtiles) character file.

1087 MDvedh the Basher (level 8, -7/45 HPs)
             Began as a Gargoyle Summoner on June 2, 2017.
             Was a Believer of Qazlal.
             Mangled by an ogre
             ... wielding a +0 giant club
              (20 damage)
             ... on level 5 of the Dungeon.
             The game lasted 00:10:55 (5737 turns).

MDvedh the Basher (Gargoyle Summoner)               Turns: 5737, Time: 00:10:56

Health: -7/45      AC: 11    Str: 14    XL:     8   Next: 30%
Magic:  11/11      EV:  5    Int: 16    God:    Qazlal [**....]
Gold:   148        SH: 15    Dex: 10    Spells: 10/11 levels left

rFire    . . .     SeeInvis .   n - +0 flail
rCold    + . .     Gourm    .   z - +2 large shield
rNeg     + . .     Faith    .   k - +0 ring mail
rPois    ∞         Spirit   .   (no helmet)
rElec    +         Reflect  .   (no cloak)
rCorr    .         Harm     .   g - +0 pair of gloves
MR       .....                  (no boots)
Stlth    +.........             (no amulet)
Regen    0.2/turn               (no ring)
MPRegen  0.2/turn               q - ring of protection from cold

@: no status effects
A: negative energy resistance 1, electricity resistance, unbreathing,
petrification resistance, rot immunity, AC +5
a: Upheaval, Renounce Religion


You were on level 5 of the Dungeon.
You worshipped Qazlal.
Qazlal was pleased with you.
You were not hungry.

You visited 1 branch of the dungeon, and saw 5 of its levels.
You also visited: Sewer.

You collected 350 gold pieces.
You spent 202 gold pieces at shops.

Inventory:

Hand Weapons
 a - a +0 short sword of venom
 d - a +0 club
 n - a +0 flail (weapon)
Armour
 g - a +0 pair of gloves (worn)
 k - a +0 ring mail (worn)
 r - a +0 scale mail
 z - a +2 large shield (worn)
Jewellery
 i - an uncursed amulet of guardian spirit {unknown}
 q - a ring of protection from cold (right hand)
 w - an uncursed ring of protection from magic {unknown}
 y - an uncursed ring of resist corrosion {unknown}
Wands
 B - a wand of random effects (48/48)
Scrolls
 h - a scroll of immolation
 s - 2 scrolls of recharging
 t - 2 scrolls of magic mapping
 A - 6 scrolls of teleportation
 C - a scroll of remove curse
 D - a scroll of fear
Potions
 e - a potion of flight
 f - a potion of lignification
 l - 5 potions of curing
 m - 2 potions of ambrosia
 v - a potion of might
 x - 2 potions of brilliance
 E - a potion of magic
 F - 3 potions of heal wounds
Books
 b - a book of Callings

   Spells                             Type                      Level
   a - Summon Small Mammal            Summoning                    1
   b - Call Imp                       Summoning                    2
   c - Call Canine Familiar           Summoning                    3
   d - Summon Guardian Golem          Hexes/Summoning              3
   e - Summon Lightning Spire         Summoning/Air                4
   f - Summon Ice Beast               Ice/Summoning                4
Comestibles
 c - 2 bread rations
 j - 2 royal jellies
 o - 4 meat rations
 u - a fruit


   Skills:
 - Level 2.5 Fighting
 + Level 8.6 Maces & Flails
 - Level 2.7 Armour
 - Level 1.5 Dodging
 - Level 2.1 Stealth
 - Level 2.0 Spellcasting
 - Level 3.6 Summonings


You had 10 spell levels left.
You knew the following spells:

 Your Spells              Type           Power        Failure   Level  Hunger
a - Summon Small Mammal   Summ           ##..         94%         1    #......


Dungeon Overview and Level Annotations

Branches:
Dungeon (5/15)             Temple (0/1) D:4

Altars:
Hepliaklqana
Qazlal
Ru
Uskayaw
Yredelemnul

Shops:
D:4 [


Innate Abilities, Weirdness & Mutations

You are resistant to torment.
Your stone body is resilient. (AC +5)
You are immune to poison.
You resist negative energy. (rN+)
You are resistant to electric shocks. (rElec)
You can survive without breathing.
You are immune to petrification.
You are immune to rotting.


Message History

You block the ogre's attack.
Your shield prevents you from hitting the ogre.
The ogre is moderately wounded.
The ogre hits you with a giant club!
You hit the ogre but do no damage.
The ogre is moderately wounded.
The ogre hits you with a giant club!!
You are too injured to fight recklessly!
You are too injured to fight recklessly!
You are too injured to fight recklessly!
Aiming: Upheaval
Press: ? - help, Dir - move target cursor, f - ogre
Aim: an ogre, wielding a giant club That beam is likely to hit you.
Continue anyway?
You fail to use your ability.
The ogre hits you with a giant club!
* * * LOW HITPOINT WARNING * * *
You block the ogre's attack.
Unknown command.
The ogre hits you with a giant club!!
You die...

*.****,,,,,*
*#.* ***,,**
*.#* ****
##* *.#
#.######.#
#....##.#*
#.......#
#...##O.#
##.....@#
#....##.##
########.#
#≈#.# #.#.##
#≈#..#
#≈##.#
#≈##.##
#≈###.# ####


You could see an ogre.

Vanquished Creatures
  The ghost of miragecloak the Insei, an amateur OpTm (Sewer)
  The ghost of YrmMerkstave the Stinger, an amateur NaVM of Kikubaaqudgha (D:4)
  An ogre (D:4)
  3 big kobolds (Sewer)
  A jelly (D:4)
  A scorpion (D:5)
  2 bullfrog skeletons (D:4)
  2 iguanas (D:4)
  2 orc wizards
  2 worker ants
  7 adders
  3 oozes
  A worm (D:4)
  A dart slug (D:4)
  4 leopard geckos
  9 orcs
  5 bats
  2 giant cockroaches (D:2)
  12 goblins
  5 hobgoblins
  2 jackals (D:2)
  A quokka (D:2)
  A ball python (D:4)
  4 frilled lizards
  17 kobolds
  16 rats
106 creatures vanquished.

Vanquished Creatures (collateral kills)
  A gnoll (D:1)
  A dart slug (D:1)
  A hobgoblin (D:1)
  A rat (D:1)
4 creatures vanquished.

Grand Total: 110 creatures vanquished

Notes
Turn   | Place    | Note
-------+----------+-------------------------------------------
     0 | D:1      | MDvedh the Gargoyle Summoner began the quest for the Orb.
     0 | D:1      | Reached XP level 1. HP: 10/10 MP: 3/3
   253 | D:1      | Reached skill level 1 in Armour
   401 | D:1      | Reached XP level 2. HP: 6/16 MP: 1/5
   637 | D:1      | Reached skill level 1 in Fighting
   957 | D:1      | Reached XP level 3. HP: 10/20 MP: 6/6
  1603 | D:2      | Found a basalt altar of Yredelemnul.
  1605 | D:2      | Reached skill level 1 in Maces & Flails
  1628 | D:2      | Found a stormy altar of Qazlal.
  1735 | D:2      | Became a worshipper of Qazlal Stormbringer
  1998 | D:2      | Found a hide-covered altar of Uskayaw.
  1999 | D:2      | Noticed a hand axe
  2000 | D:2      | Noticed a dagger
  2410 | D:3      | Reached XP level 4. HP: 27/27 MP: 7/7
  2431 | D:3      | Found a hazy altar of Hepliaklqana.
  2598 | D:3      | Reached * piety under Qazlal
  3137 | D:3      | Reached skill level 2 in Maces & Flails
  3429 | D:4      | Found Vegaal's Antique Armour Emporium.
  3438 | D:4      | Bought a runed large shield for 202 gold pieces
  3512 | D:4      | Reached XP level 5. HP: 30/31 MP: 8/8
  3543 | D:4      | Noticed YrmMerkstave's ghost (amateur NaVM)
  3573 | D:4      | Killed YrmMerkstave's ghost
  3573 | D:4      | Reached skill level 4 in Maces & Flails
  3573 | D:4      | Reached XP level 6. HP: 27/36 MP: 9/9
  3667 | D:4      | Found a staircase to the Ecumenical Temple.
  3805 | D:4      | Reached skill level 5 in Maces & Flails
  4536 | D:4      | Reached skill level 6 in Maces & Flails
  4536 | D:4      | Reached XP level 7. HP: 30/40 MP: 10/10
  4957 | D:5      | Entered Level 5 of the Dungeon
  5017 | D:5      | Found a glowing drain.
  5026 | Sewer    | Entered a sewer
  5082 | Sewer    | Reached skill level 7 in Maces & Flails
  5100 | Sewer    | Noticed miragecloak's ghost (amateur OpTm)
  5114 | Sewer    | Killed miragecloak's ghost
  5114 | Sewer    | Reached ** piety under Qazlal
  5114 | Sewer    | Reached XP level 8. HP: 40/45 MP: 11/11
  5156 | Sewer    | Reached skill level 8 in Maces & Flails
  5556 | D:5      | Found a sacrificial altar of Ru.
  5737 | D:5      | Mangled by an ogre

Skill      XL: |  1  2  3  4  5  6  7  8 |
---------------+-------------------------+-----
Armour         | 1 2 |  2.7
Fighting       | 1 2 |  2.5
Maces & Flails | 1 2 4 6 7 8 |  8.6
Dodging        | |  1.5
Stealth        | |  2.1
Spellcasting   | |  2.0
Summonings     | |  3.6

Action                   |  1- 3 |  4- 6 |  7- 9 || total
-------------------------+-------+-------+-------++-------
Melee: Club              |    91 |       |       ||    91
       Unarmed           |     6 |       |       ||     6
       Short sword       |    68 |   120 |     2 ||   190
       Flail             |       |    35 |   202 ||   237
 Cast: Summon Small Mamm |    10 |       |       ||    10
  Use: Scroll            |     6 |     2 |     5 ||    13
       Potion            |       |     1 |     2 ||     3
 Stab: Distracted        |     2 |       |       ||     2
       Paralysed         |       |       |     1 ||     1
  Eat: Chunk             |     5 |     3 |     1 ||     9
       Royal jelly       |       |     1 |       ||     1
       Bread ration      |       |     1 |     1 ||     2
Armor: Leather armour    |     8 |       |       ||     8
       Ring mail         |   114 |    74 |    53 ||   241
       Robe              |     1 |       |       ||     1
Dodge: Dodged            |    95 |    60 |    22 ||   177
Block: Large shield      |       |    84 |   127 ||   211
